cohdb
Replays
Latest Replays
All Replays
Popular Replays
Top Player Replays
Match Explorer
How It Works
Community
CoH3 Stats
Reddit
Sign in to upload your games and track your stats! →
Sign in with Steam
Match 45648023
Unlisted
Match 45648023
Overview
Messages
Build Orders
End
Construct Infanterie Kompanie
Selects Terror Battlegroup
Selects Machine Gun Camouflage
MG 42 Machine Gun Team
Grenadier Squad
Grenadier Squad
Medical Bunker
GrW 34 Mortar Team
Construct Luftwaffe Kompanie
Selects Contempt for the Weak
221 Scout Car
Jäger Squad
Jäger Squad
Support Elements
Jäger Squad
Wirbelwind Flakpanzer
Side Skirts
Selects Propaganda Leaflet Drop
Marder III M Tank Destroyer
STAVKA
Rimsky
Gladiak
Fonty13
battlenationaka
Pioneer Combine
mace87
UtataNation 🛌🌟
0
0
Comments
sign in to comment!
No comments posted yet!